 Dungeon Crawl Stone Soup version 0.30-a0-965-g42e074c17a (webtiles) character file.

Game seed: 9378905208934704321

17324 OrthodoxDeviant the Warrior (level 12, -8/110 HPs)
             Began as a Barachi Fighter on Mar 30, 2023.
             Was a High Priest of Okawaru.
             Mangled by a minotaur (10 damage)
             ... on level 12 of the Dungeon.
             The game lasted 00:57:35 (16915 turns).

OrthodoxDeviant the Warrior (Barachi Fighter)      Turns: 16915, Time: 00:57:35

Health: -8/110     AC: 21    Str: 18    XL:     12   Next: 46%
Magic:  26/26      EV:  8    Int:  3    God:    Okawaru [*****.]
Gold:   1077       SH:  7    Dex: 17    Spells: 11/11 levels left

rFire   . . .      SeeInvis +    g - +2 long sword of the Loving Pariah {vamp, rCorr MP+9 Int-5}
rCold   . . .      Faith    .    c - +0 buckler
rNeg    . . .      Spirit   .    j - +2 plate armour {Will+}
rPois   .          Reflect  .    (no helmet)
rElec   .          Rampage  .    n - +2 cloak
rCorr   +                        O - +0 pair of gloves
Will    +....                    (no boots) Stlth
                                 m - amulet of the acrobat
HPRegen 0.38/turn                J - ring of see invisible
MPRegen 0.20/turn                (no ring)

@: heroic, slow
A: amphibious, slowness 1, strong legs 1, +LOS
a: Hop, Renounce Religion, Heroism, Finesse, Duel


You were on level 12 of the Dungeon.
You worshipped Okawaru.
Okawaru was extremely pleased with you.
You visited 3 branches of the dungeon, and saw 14 of its levels.

You collected 1077 gold pieces.

Inventory:

Hand Weapons
 g - the +2 long sword of the Loving Pariah (weapon) {vamp, rCorr MP+9 Int-5}
   (Okawaru gifted it to you on level 12 of the Dungeon)

   Int:       It affects your intelligence (-5).
   MP:        It affects your magic capacity (+9).
   rCorr:     It protects you from acid and corrosion.
 q - the +4 falchion "Hunev" {flame, rPois rN++}
   (You took it off a gnoll on level 12 of the Dungeon)

   rPois:     It protects you from poison.
   rN:        It greatly protects you from negative energy.
 y - a +1 antimagic rapier
 R - a +1 falchion of holy wrath
 S - a +2 scimitar of flaming
Missiles
 l - 6 boomerangs (quivered)
 z - 3 throwing nets
Armour
 c - a +0 buckler (worn)
 j - a +2 plate armour of willpower (worn)
 n - a +2 cloak (worn)
 x - the +3 ring mail "Ushrot" {-Tele rElec rN++ SInv}
   (You took it off a gnoll on level 12 of the Dungeon)

   rElec:     It insulates you from electricity.
   rN:        It greatly protects you from negative energy.
   SInv:      It lets you see invisible.
   -Tele:     It prevents most forms of teleportation.
 O - a +0 pair of gloves (worn)
Magical Staves
 f - a staff of poison
Jewellery
 m - an amulet of the acrobat (around neck)
 v - a ring of fire
 J - a ring of see invisible (left hand)
Wands
 D - a wand of flame (30)
 K - a wand of polymorph (8)
 L - a wand of digging (4)
 N - a wand of mindburst (9)
 Q - a wand of iceblast (3)
Scrolls
 h - a scroll of silence
 o - 3 scrolls of fog
 r - a scroll of brand weapon
 s - 2 scrolls of enchant weapon
 u - 4 scrolls of teleportation
 E - a scroll of enchant armour
 P - a scroll of magic mapping
 U - a scroll of noise
Potions
 a - a potion of berserk rage {unknown}
 b - 3 potions of mutation
 d - a potion of might
 e - 2 potions of heal wounds {unknown}
 i - 2 potions of magic {unknown}
 k - 4 potions of curing
 p - 5 potions of brilliance {unknown}
 t - 3 potions of flight {unknown}
 w - 3 potions of attraction {unknown}
 A - 4 potions of degeneration {unknown}
 G - 5 potions of lignification {unknown}
 H - 4 potions of haste {unknown}
 I - a potion of invisibility {unknown}


   Skills:
 * Level 15.2(20.2) Fighting
 * Level 14.9(19.9) Long Blades
 - Level 5.8(10.8) Armour
 - Level 5.2(10.2) Shields
 + Level 7.3 Invocations


You had 11 spell levels left.
You didn't know any spells.
Your spell library contained the following spells:

 Spells                   Type           Power      Damage    Failure   Level
 Freeze                   Ice            0%         1d3       100%        1
 Sandblast                Erth           0%         2d4       100%        1
 Static Discharge         Conj/Air       0%         2-2/arc   100%        2
 Dazzling Flash           Conj/Hex       0%         N/A       100%        3
 Frozen Ramparts          Ice            0%         1d1       100%        3
 Hailstorm                Conj/Ice       0%         3d3       100%        3
 Ignite Poison            Fire/Tmut/Pois 0%         N/A       100%        3
 Kindle Blastsparks       Fire/Tloc/Air  0%         2d10      100%        3
 Portal Projectile        Hex/Tloc       0%         N/A       100%        3
 Vhi's Electric Charge    Tloc/Air       0%         N/A       100%        3
 Ice Form                 Ice/Tmut       0%         N/A       100%        4
 Leda's Liquefaction      Hex/Erth       0%         N/A       100%        4
 Arcjolt                  Conj/Air       0%         1d10      100%        5
 Blade Hands              Tmut           0%         N/A       100%        5
 Freezing Cloud           Conj/Ice/Air   0%         6-21      100%        5
 Metabolic Englaciation   Hex/Ice        0%         N/A       100%        5
 Plasma Beam              Fire/Air       0%         2x1d7     100%        5
 Iron Shot                Conj/Erth      0%         9d1       100%        6
 Ozocubu's Refrigeration  Ice            0%         4d7       100%        7
 Call Canine Familiar     Summ           Unusable   N/A       N/A         3
 Animate Armour           Summ/Erth      Unusable   N/A       N/A         4
 Summon Ice Beast         Ice/Summ       Unusable   N/A       N/A         4

Dungeon Overview and Level Annotations

Branches:
Dungeon (12/15)            Temple (1/1) D:5            Lair (1/5) D:9
    Orc (0/2) D:11

Altars:
Ashenzari
Cheibriados
Dithmenos
Elyvilon
Fedhas
Gozag
Hepliaklqana
Kikubaaqudgha
Makhleb
Nemelex Xobeh
Okawaru
Qazlal
Ru
Sif Muna
Trog
Uskayaw
Vehumet
Wu Jian
Xom
Yredelemnul
Zin
The Shining One

Shops:
D:6 =

Annotations:
D:1 1 runed translucent door
D:8 4 runed translucent doors
Lair:1 Urug


Innate Abilities, Weirdness & Mutations

You are amphibious.
You cover ground slowly.
You can hop short distances.
You have an extended range of vision and can be seen from far away.


Message History

Aiming: Mindburst
Press: ? - help, Shift-Dir - straight line, f/p - minotaur
Aim: a minotaur, wearing a +0 plate armour and quivering javelins (heavily wounded, chance to affect: 6%)
The minotaur resists with almost no effort.
The minotaur throws a javelin.
The javelin pierces through you! The minotaur closely misses you.
The minotaur gores you!
You hit the minotaur.
You feel better.
The minotaur is heavily wounded.
The minotaur hits you!
The minotaur gores you but does no damage.
You hit the minotaur but do no damage.
The minotaur is heavily wounded.
The minotaur hits you but does no damage.
The minotaur gores you!
You hit the minotaur.
The minotaur is heavily wounded.
The minotaur closely misses you. The minotaur gores you.
You slice the minotaur!!
The minotaur is severely wounded.
You slash the minotaur!
You feel better.
The minotaur is almost dead.
The minotaur hits you!!
* * * LOW HITPOINT WARNING * * *
You block the minotaur's attack.
You barely miss the minotaur.
The minotaur is almost dead.
The minotaur hits you!!
* * * LOW HITPOINT WARNING * * *
The minotaur misses you.
Okay, then.
You hit the minotaur but do no damage.
The minotaur is almost dead.
The minotaur hits you but does no damage.
The minotaur gores you but does no damage.
You barely miss the minotaur.
The minotaur is almost dead.
The minotaur hits you.
* * * LOW HITPOINT WARNING * * *
The minotaur gores you!
You die...

#.#####......# #..#
#.......#.#..# #..#
##.#.###.....# #..#
#.#.###..##.# ##..#
###.#......##.######...#
#...>.####.#..........##
#.###.[.##.#..######)##
#.###...##.#..# #.#
#.#........)@.# #.#
#..........#H## #.#
###.......##.# #.#
#.#...####.# #.# #.#...#
#.# #.# #.#..##
#.#######)#######
#.#..####.#......).......#
#..................#####)#
###..##..............≈≈≈≈


You could see a minotaur.

Vanquished Creatures
  Erica (D:10)
  A two-headed ogre (D:11)
  An ugly thing (D:12)
  2 cyclopes (D:11)
  2 manticores
  2 gargoyles
  2 unseen horrors (D:11)
  3 komodo dragons
  7 yaktaurs (D:12)
  A troll (D:12)
  A meliai (shapeshifter) (D:12)
  2 hornets (D:9)
  7 slime creatures (D:12)
  A vampire (D:12)
  3 shadows
  A basilisk (D:9)
  8 yaks
  3 wyverns (D:9)
  2 steam dragons
  4 vampire mosquitoes (D:12)
  Menkaure (D:7)
  3 acid dragons
  5 orc warriors
  A black bear (D:6)
  8 centaurs
  An ogre (D:5)
  2 phantoms (D:4)
  Blork the orc (D:4)
  4 kobold brigands
  4 bullfrogs
  2 scorpions
  8 wights
  12 killer bees
  2 electric eels (D:12)
  5 jellies
  5 howler monkeys
  A vampire bat (D:5)
  5 hounds
  8 orc priests
  Jessica (D:3)
  10 iguanas
  2 sleepcaps
  10 orc wizards
  22 gnolls
  2 adders
  A shadow imp (D:7)
  An ufetubus (D:4)
  3 worms
  2 dart slugs (D:3)
  56 orcs
  10 ball pythons
  8 endoplasms
  A giant cockroach (D:1)
  7 goblins
  5 hobgoblins
  3 quokkas
  10 bats
  6 frilled lizards
  23 kobolds
  4 rats
319 creatures vanquished.

Vanquished Creatures (others)
  A black bear (D:5)
1 creature vanquished.

Grand Total: 320 creatures vanquished

Notes
Turn   | Place    | Note
-------+----------+-------------------------------------------
     0 | D:1      | OrthodoxDeviant the Barachi Fighter began the quest for the
                  | Orb.
     0 | D:1      | Reached XP level 1. HP: 18/18 MP: 1/1
     2 | D:1      | Found a runed translucent door.
    42 | D:1      | Reached XP level 2. HP: 25/25 MP: 2/2
    48 | D:1      | Reached skill level 4 in Fighting
   247 | D:1      | Reached XP level 3. HP: 30/30 MP: 3/3
  1471 | D:3      | Reached XP level 4. HP: 38/38 MP: 4/4
  1602 | D:2      | Reached XP level 5. HP: 30/43 MP: 5/5
  1731 | D:2      | Reached skill level 5 in Fighting
  1979 | D:3      | Noticed Jessica
  1993 | D:3      | Killed Jessica
  2083 | D:3      | Reached XP level 6. HP: 48/51 MP: 6/6
  2413 | D:3      | Found an ornate altar of the Wu Jian Council.
  3090 | D:4      | Reached skill level 5 in Long Blades
  3135 | D:4      | HP: 2/52 [acid (7)]
  3600 | D:4      | Reached skill level 6 in Fighting
  3600 | D:4      | Reached skill level 5 in Armour
  3600 | D:4      | Reached XP level 7. HP: 36/58 MP: 7/7
  4094 | D:4      | Noticed Blork the orc
  4105 | D:4      | Killed Blork the orc
  4214 | D:5      | Entered Level 5 of the Dungeon
  4444 | D:5      | Reached skill level 5 in Shields
  4678 | D:5      | Got the Reference Book on Leaden Bewitchment
  4729 | D:5      | Reached skill level 7 in Fighting
  4849 | D:5      | Reached XP level 8. HP: 10/67 MP: 8/8
  5294 | D:5      | Found a staircase to the Ecumenical Temple.
  5304 | Temple   | Entered the Ecumenical Temple
  5435 | Temple   | Became a worshipper of Warmaster Okawaru
  5610 | D:5      | Found a glowing golden altar of the Shining One.
  5617 | D:5      | Found a bloodstained altar of Trog.
  5770 | D:6      | Found Cicvajoi's Jewellery Shop.
  5975 | D:6      | Reached skill level 1 in Invocations
  6013 | D:6      | Reached skill level 8 in Fighting
  6465 | D:6      | Reached * piety under Okawaru
  6466 | D:6      | Reached XP level 9. HP: 41/75 MP: 10/10
  6718 | D:6      | Reached skill level 9 in Fighting
  7248 | D:6      | Found a stormy altar of Qazlal.
  7861 | D:7      | Noticed Menkaure
  7871 | D:7      | Killed Menkaure
  7871 | D:7      | Reached ** piety under Okawaru
  8324 | D:7      | Found a hide-covered altar of Uskayaw.
  8619 | D:6      | Reached skill level 10 in Fighting
  8873 | D:8      | Found an ancient bone altar of Kikubaaqudgha.
  9134 | D:8      | Reached skill level 10 in Long Blades
  9184 | D:8      | Found a huge runed translucent gate.
  9184 | D:8      | Noticed a polar bear
  9184 | D:8      | Noticed a polar bear
  9184 | D:8      | Noticed a polar bear
  9185 | D:8      | Noticed a death yak
  9185 | D:8      | Found a huge runed translucent gate.
  9185 | D:8      | Found a huge runed translucent gate.
  9185 | D:8      | Found a huge runed translucent gate.
  9366 | D:8      | Found a blossoming altar of Fedhas.
  9878 | D:9      | Reached XP level 10. HP: 86/86 MP: 12/12
  9897 | D:9      | Reached skill level 11 in Fighting
 10050 | D:9      | Got the Omnibus of Destructive Cold
 10079 | D:9      | Reached *** piety under Okawaru
 10140 | D:9      | Paralysed by a hornet for 3 turns
 10147 | D:9      | Found a radiant altar of Vehumet.
 10490 | D:9      | Paralysed by a hornet for 2 turns
 10968 | D:9      | Reached skill level 12 in Fighting
 10970 | D:9      | Found a staircase to the Lair.
 10977 | D:9      | Reached skill level 5 in Invocations
 10993 | Lair:1   | Entered Level 1 of the Lair of Beasts
 10994 | Lair:1   | Noticed Urug
 11293 | D:9      | Identified the +6 dagger of the Final Brambles {antimagic,
                  | rN+ Will++ Str+3}
 11371 | D:9      | Found a hazy altar of Hepliaklqana.
 11401 | D:10     | Entered Level 10 of the Dungeon
 11456 | D:10     | Reached **** piety under Okawaru
 11669 | D:10     | Noticed a gargoyle
 11688 | D:10     | Killed a gargoyle
 11689 | D:10     | Reached XP level 11. HP: 54/96 MP: 12/14
 11831 | D:10     | Noticed Erica
 11840 | D:10     | Killed Erica
 12431 | D:10     | Reached skill level 13 in Fighting
 12696 | D:11     | Noticed a manticore
 12696 | D:11     | Noticed a cyclops
 12707 | D:11     | Killed a manticore
 12711 | D:11     | Killed a cyclops
 12818 | D:11     | Identified the +3 chain mail of Ihi Kosk {rF+ Int+4 Slay-4}
 12826 | D:11     | Noticed a two-headed ogre
 12834 | D:11     | Killed a two-headed ogre
 13165 | D:11     | Reached ***** piety under Okawaru
 13173 | D:11     | Noticed a cyclops
 13187 | D:11     | Killed a cyclops
 13536 | D:11     | Found a staircase to the Orcish Mines.
 13833 | D:12     | Reached skill level 14 in Fighting
 13888 | D:12     | Noticed a red ugly thing
 14434 | D:12     | Reached XP level 12. HP: 81/108 MP: 15/17
 15372 | D:12     | Identified the +4 falchion "Hunev" {flame, rPois rN++}
 15372 | D:12     | Identified the +3 ring mail "Ushrot" {-Tele rElec rN++
                  | SInv}
 15457 | D:12     | Noticed a death yak
 15755 | D:12     | Received a gift from Okawaru
 15757 | D:12     | Noticed a minotaur
 15778 | D:12     | Reached skill level 15 in Fighting
 16311 | D:12     | Identified the +2 long sword of the Loving Pariah {vamp,
                  | rCorr MP+9 Int-5} (Okawaru gifted it to you on level 12 of
                  | the Dungeon)
 16311 | D:12     | Received a gift from Okawaru
 16915 | D:12     | HP: 2/110 [minotaur (6)]
 16915 | D:12     | Mangled by a minotaur

Illustrated notes

Levels and vault maps discovered:
D:1:      dpeg_arrival_caged_fury, layout_basic, minmay_pentomino_p4
D:2:      layout_basic, serial_bayou_pond_a, solitary_fountain
D:3:      layout_rooms, nicolae_wu_jian_wuxing_cycle, kennysheep_jessica_study
D:4:      layout_loops_corners, uniq_blork_the_orc
D:5:      layout_basic, amethyst_overflow_temple_binary,
          lemuel_temple_firewalk_b, roderic_batcave
D:6:      layout_basic, mainiacjoe_overflow_catwalk, nicolae_stop_n_shop_1
D:7:      layout_basic, mainiacjoe_overflow_cross_hatched, uniq_menkaure
D:8:      lemuel_bear_cage, layout_basic, kiku_gazebo_garden_becter,
          amcnicky_altar_gilded, minmay_misc_feat_secret_circle
D:9:      layout_roguey, nzn_hepliaklqana_mist_gate, nicolae_vehumet_radiance,
          erik_lair_dragon, kennysheep_generic_room_2
D:10:     layout_cave_pools, chequers_serial_rivers_room_b, uniq_erica
D:11:     layout_basic, david_orc_5
D:12:     fort_yaktaur, layout_loops_ring
Temple:   hellmonk_temple_forest_ring
Lair:1:   layout_long_grid, disabler_island, serial_bayou_shore_b, uniq_urug

Skill      XL: |  1  2  3  4  5  6  7  8  9 10 11 12 |
---------------+-------------------------------------+-----
Fighting       | 4 5 6 7 8 10 12 14 15 | 15.2
Long Blades    | 3 4 5 6 8 10 12 14 | 14.9
Armour         | 4 5 |  5.8
Shields        | 4 5 |  5.2
Invocations    | 2 3 5 6 7 |  7.3

Action                     |  1- 3 |  4- 6 |  7- 9 | 10-12 || total
---------------------------+-------+-------+-------+-------++-------
  Melee: Long sword        |   117 |   208 |   463 |   295 ||  1083
         Unarmed           |       |       |     7 |       ||     7
         Scimitar          |       |       |       |   310 ||   310
         Falchion          |       |       |       |     3 ||     3
  Throw: Boomerang         |       |     9 |    75 |   137 ||   221
         Dart              |       |       |       |     5 ||     5
         Javelin           |       |       |       |     4 ||     4
 Invoke: Heroism           |       |       |     3 |    10 ||    13
Ability: Hop               |       |     1 |     3 |     3 ||     7
  Evoke: Wand              |       |       |     2 |     8 ||    10
    Use: Scroll            |       |     5 |    10 |     4 ||    19
         Potion            |       |       |     2 |     2 ||     4
 Armour: Scale mail        |    18 |       |       |       ||    18
         Plate armour      |    53 |   128 |   287 |   299 ||   767
  Dodge: Dodged            |    35 |    82 |   113 |   189 ||   419
  Block: Buckler           |    35 |    59 |   103 |   151 ||   348

Table legend: (Time is in decaauts)
 A = Elapsed time spent in this place.
 B = Non-inter-level travel time spent in this place.
 C = Inter-level travel time spent in this place.
 D = Time resting spent in this place.
 E = Time spent auto-exploring this place.
 F = Levels seen in this place.
 G = Mean time per level.
                   A        B        C        D        E       F      G
               +--------+--------+--------+--------+--------+-----+--------+
         Total |  18728 |  16821 |   1907 |   3123 |  10374 |  14 | 1337.7 |
       Dungeon |  18554 |  16655 |   1899 |   3123 |  10230 |  12 | 1546.2 |
        Temple |    167 |    159 |      8 |      0 |    143 |   1 |  167.0 |
          Lair |      6 |      6 |      0 |      0 |      0 |   1 |    6.0 |
               +--------+--------+--------+--------+--------+-----+--------+

Top non-repeatable levels by time:
    D:12: 3116 daAuts
     D:6: 2363 daAuts
     D:9: 1731 daAuts
     D:4: 1630 daAuts
     D:5: 1561 daAuts
    D:11: 1476 daAuts
     D:2: 1378 daAuts
    D:10: 1208 daAuts
     D:3: 1110 daAuts
     D:8: 1078 daAuts
     D:7: 985 daAuts
     D:1: 914 daAuts
  Temple: 167 daAuts
  Lair:1: 6 daAuts
